 Dungeon Crawl Stone Soup version 0.32-a0-640-gc5db3fc (webtiles) character file.

Game seed: 4829445486326085189

1489558 Anonymous1 the Imperceptible (level 27, 185/185 (189) HPs)
             Began as a Kobold Brigand on Feb 18, 2024.
             Was the Champion of Ashenzari.
             Escaped with the Orb
             ... and 3 runes on Mar 7, 2024!
             The game lasted 06:28:43 (85889 turns).

Anonymous1 the Imperceptible (Kobold Brigand)      Turns: 85889, Time: 06:28:44

HP:   185/185 (189) AC:  8    Str: 19    XL:     27
MP:   54/54         EV: 35    Int: 31    God:    Ashenzari [******]
Gold: 1981          SH: 17    Dex: 25    Spells: 27/80 levels left

rFire   + . .        I - +9 dagger "Ruined Together" {chaos, Sorc, Fort} (curse)
rCold   + . .        w - +2 buckler of the Sidereal Augur {rC+, Self, Bglg} (curse)
rNeg    + . .        G - +2 robe "Cursed With Me" {rC+ rF+, Sorc, Comp} (curse)
rPois   .            k - +0 helmet "I Knew You'd Do That" {Dev, Self} (curse)
rElec   +            c - scarf of Panopticon {shadows, Cun, Dev} (curse)
rCorr   .            F - +1 pair of gloves of the Cryptic Vision {rElec Str+3 Dex+3, Comp, Elem} (curse)
SInv    +            a - +0 pair of boots "At What Cost Knowledge?" {^Drain rElec rN+ Will+ Str+4, Fort, Bglg} (curse)
Will    ++++.        b - amulet of Star-Bound Wisdom {Reflect SH+5, Self, Fort} (curse)
Stlth   ++++         A - ring of the Perceptive Seeker {Int+6, Bglg, Sorc} (curse)
HPRegen 0.50/turn    j - ring "Enlightened Activism" {Int+6, Dev, Comp} (curse)
MPRegen 0.34/turn

%: reflection, clarity
@: studying 4 skills, lightly drained
A: small, no large weapons, nightstalker 3, deformed body, strong-willed 1,
robust 1, strong 1, cold vulnerability 1
0: Orb of Zot
}: 3/15 runes: decaying, silver, gossamer
a: Renounce Religion, Shatter the Chains


You escaped.
You worshipped Ashenzari.
Ashenzari was exalted by your worship.
You visited 11 branches of the dungeon, and saw 51 of its levels.
You also visited: Ossuary, Ice Cave and Wizlab.

You collected 8816 gold pieces.
You spent 6835 gold pieces at shops.

Inventory:

Hand Weapons
 I - the cursed +9 dagger "Ruined Together" (weapon) {chaos, Sorc, Fort}
   (You took it off Psyche on level 9 of the Dungeon)

   It has a curse which improves the following skills: Sorcery: Conjurations and
   Alchemy.
   Fortitude: Armour and Shields.
Missiles
 B - 2 atropa-tipped darts
 Q - 4 curare-tipped darts (quivered)
Armour
 a - the cursed +0 pair of boots "At What Cost Knowledge?" (worn) {^Drain rElec rN+ Will+ Str+4, Fort, Bglg}
   (You found it on level 10 of the Dungeon)

   Str+4:     It affects your strength (+4).
   rElec:     It insulates you from electricity.
   rN+:       It protects you from negative energy.
   Will+:     It increases your willpower.
   ^Drain:    It drains your maximum health when unequipped.
   It has a curse which improves the following skills: Fortitude: Armour and
   Shields.
   Beguiling: Hexes and Translocations.
 c - the cursed scarf of Panopticon (worn) {shadows, Cun, Dev}
   (You found it on level 14 of the Dungeon)

   It has a curse which improves the following skills: Cunning: Dodging and
   Stealth.
   Devices:   Evocations and Shapeshifting.
 k - the cursed +0 helmet "I Knew You'd Do That" (worn) {Dev, Self}
   (You found it on level 4 of the Dungeon)

   It has a curse which improves the following skills: Devices: Evocations and
   Shapeshifting.
   Introspection: Fighting and Spellcasting.
 w - the cursed +2 buckler of the Sidereal Augur (worn) {rC+, Self, Bglg}
   (You found it in an ice cave)

   It has a curse which improves the following skills: Introspection: Fighting
   and Spellcasting.
   Beguiling: Hexes and Translocations.
 F - the cursed +1 pair of gloves of the Cryptic Vision (worn) {rElec Str+3 Dex+3, Comp, Elem}
   (You found it in a wizard's laboratory)

   Str+3:     It affects your strength (+3).
   Dex+3:     It affects your dexterity (+3).
   rElec:     It insulates you from electricity.
   It has a curse which improves the following skills: Companions: Summonings
   and Necromancy.
   Elements:  Fire Magic, Ice Magic, Air Magic and Earth Magic.
 G - the cursed +2 robe "Cursed With Me" (worn) {rC+ rF+, Sorc, Comp}
   (You took it off Jorgrun on level 2 of the Swamp)

   It has a curse which improves the following skills: Sorcery: Conjurations and
   Alchemy.
   Companions: Summonings and Necromancy.
Jewellery
 b - the cursed amulet of Star-Bound Wisdom (around neck) {Reflect SH+5, Self, Fort}
   (You found it on level 4 of the Lair of Beasts)

   [amulet of reflection]

   Reflect:   It reflects blocked missile attacks.
   SH+5:      It affects your SH (+5).
   It has a curse which improves the following skills: Introspection: Fighting
   and Spellcasting.
   Fortitude: Armour and Shields.
 j - the cursed ring "Enlightened Activism" (right hand) {Int+6, Dev, Comp}
   (You found it on level 2 of the Lair of Beasts)

   [ring of intelligence]

   Int+6:     It affects your intelligence (+6).
   It has a curse which improves the following skills: Devices: Evocations and
   Shapeshifting.
   Companions: Summonings and Necromancy.
 q - a ring of resist corrosion
 A - the cursed ring of the Perceptive Seeker (left hand) {Int+6, Bglg, Sorc}
   (You found it on level 14 of the Dungeon)

   [ring of intelligence]

   Int+6:     It affects your intelligence (+6).
   It has a curse which improves the following skills: Beguiling: Hexes and
   Translocations.
   Sorcery:   Conjurations and Alchemy.
 T - a ring of positive energy
Wands
 o - a wand of charming (42)
 D - a wand of polymorph (21)
 M - a wand of roots (54)
 P - a wand of digging (31)
 X - a wand of light (29)
Scrolls
 d - 3 scrolls of enchant armour
 h - a scroll of amnesia
 i - 6 scrolls of immolation
 p - 10 scrolls of teleportation
 r - a scroll of blinking
 s - 6 scrolls of fear
 t - 5 scrolls of torment
 u - 6 scrolls of revelation
 y - 4 scrolls of poison
 E - 7 scrolls of vulnerability
 L - 10 scrolls of fog
 N - a scroll of butterflies
 W - 3 scrolls of silence
Potions
 e - 5 potions of lignification
 f - 8 potions of ambrosia
 g - 24 potions of curing
 l - 6 potions of brilliance
 m - 7 potions of haste
 n - 6 potions of magic
 v - 9 potions of enlightenment
 C - 5 potions of might
 H - 11 potions of heal wounds
 J - a potion of resistance
 K - 4 potions of attraction
 O - 8 potions of cancellation
 R - 2 potions of berserk rage
 U - 5 potions of mutation
 Z - 2 potions of invisibility
Miscellaneous
 x - a phantom mirror
 S - a sack of spiders (inert)
 Y - a phial of floods


   Skills:
 + Level 12.7(17.4) Fighting
 + Level 16.6 Short Blades
 - Level 3.5 Throwing
 + Level 3.6(7.7) Armour
 + Level 17.4(19.7) Dodging
 - Level 25.8(27) Stealth
 + Level 12.2(16.9) Shields
 - Level 24.0(27) Spellcasting
 - Level 23.5(27) Hexes
 + Level 1.4(4.3) Summonings
 - Level 6.1(10.7) Necromancy
 - Level 3.6(7.7) Translocations
 - Level 3.2(5.3) Ice Magic
 * Level 8.4(10.9) Air Magic
 - Level 4.7(7.0) Earth Magic
 - Level 7.8(12.5) Alchemy
 - Level 6.7(11.4) Evocations


You had 27 spell levels left.
You knew the following spells:

 Your Spells              Type           Power      Damage    Failure   Level
a - Ensorcelled Hibernat  Hex/Ice        100%       N/A       0%          2
c - Yara's Violent Unrav  Hex/Alch       52%        3d20      0%          5
d - Passage of Golubria   Tloc           74%        N/A       1%          4
f - Alistair's Intoxicat  Alch           58%        N/A       1%          5
g - Dispel Undead         Necr           83%        3d27      1%          4
h - Enfeeble              Hex            59%        N/A       0%          7
i - Airstrike             Air            41%        2d(6-22)  1%          4
A - Apportation           Tloc           100%       N/A       1%          1
B - Blink                 Tloc           100%       N/A       1%          2
C - Swiftness             Air            83%        N/A       1%          3
D - Discord               Hex            59%        N/A       1%          8
P - Passwall              Erth           72%        N/A       1%          3
S - Silence               Hex/Air        51%        N/A       0%          5

Your spell library contained the following spells:

 Spells                   Type           Power      Damage    Failure   Level
 Necrotise                Necr           100%       1d9       0%          1
 Cigotuvi's Dreadful Rot  Necr/Alch/Air  100%       N/A       0%          2
 Jinxbite                 Hex            100%       N/A       0%          2
 Mercury Vapours          Alch/Air       100%       N/A       0%          2
 Sublimation of Blood     Necr           83%        N/A       0%          2
 Dazzling Flash           Conj/Hex       100%       N/A       0%          3
 Tukima's Dance           Hex            100%       N/A       0%          3
 Anguish                  Hex/Necr       51%        N/A       0%          4
 Foxfire                  Conj/Fire      100%       2x1d9     1%          1
 Freeze                   Ice            100%       1d10      1%          1
 Magic Dart               Conj           100%       1d8       1%          1
 Sandblast                Erth           100%       2d20      1%          1
 Sting                    Conj/Alch      100%       1d9       1%          1
 Summon Small Mammal      Summ           100%       N/A       1%          1
 Call Imp                 Summ           100%       N/A       1%          2
 Static Discharge         Conj/Air       100%       3-8/arc   1%          2
 Call Canine Familiar     Summ           62%        N/A       1%          3
 Frozen Ramparts          Ice            100%       1d16      1%          3
 Fugue of the Fallen      Necr           83%        N/A       1%          3
 Hailstorm                Conj/Ice       57%        3d11      1%          3
 Mephitic Cloud           Conj/Alch/Air  75%        N/A       1%          3
 Stone Arrow              Conj/Erth      100%       3d13      1%          3
 Volatile Blastmotes      Fire/Tloc      100%       2d18      1%          3
 Animate Armour           Summ/Erth      100%       N/A       1%          4
 Animate Dead             Necr           83%        N/A       1%          4
 Brom's Barrelling Bould  Conj/Erth      60%        2d8       1%          4
 Fulminant Prism          Conj/Alch      35%        3d17      1%          4
 Iskenderun's Mystic Bla  Conj/Tloc      61%        2d13      1%          4
 Leda's Liquefaction      Alch/Erth      40%        N/A       1%          4
 Martyr's Knell           Necr/Summ      73%        N/A       1%          4
 Olgreb's Toxic Radiance  Alch           88%        N/A       1%          4
 Sticky Flame             Fire/Alch      69%        2d11      1%          4
 Summon Lightning Spire   Summ/Air       73%        N/A       1%          4
 Vhi's Electric Charge    Tloc/Air       100%       N/A       1%          4
 Arcjolt                  Conj/Air       33%        1d43      1%          5
 Borgnjor's Vile Clutch   Necr/Erth      38%        N/A       1%          5
 Curse of Agony           Necr           83%        N/A       1%          5
 Freezing Cloud           Conj/Ice/Air   33%        6-21      1%          5
 Lee's Rapid Deconstruct  Erth           36%        3d18*     1%          5
 Death Channel            Necr           41%        N/A       1%          6
 Eringya's Noxious Bog    Alch           44%        4d6       1%          6
 Summon Blazeheart Golem  Fire/Summ      54%        N/A       2%          4
 Sculpt Simulacrum        Ice/Alch       38%        N/A       2%          6
 Conjure Ball Lightning   Conj/Air       33%        3x3d11    9%          6
 Plasma Beam              Fire/Air       33%        2x1d46    10%         6
 Iskenderun's Battlesphe  Conj           46%        2d10      13%         5
 Bombard                  Conj/Erth      30%        9d5       19%         6
 Maxwell's Capacitive Co  Air            41%        ∞         41%         8
 Borgnjor's Revivificati  Necr           41%        N/A       43%         8
 Infestation              Necr           41%        N/A       43%         8
 Ozocubu's Refrigeration  Ice            33%        4d14      50%         7
 Starburst                Conj/Fire      22%        6d8       58%         6
 Summon Hydra             Summ           31%        N/A       65%         7
 Disjunction              Tloc           37%        N/A       86%         8
 Lehudib's Crystal Spear  Conj/Erth      30%        10d8      100%        8
 Summon Horrible Things   Summ           31%        N/A       100%        8


Dungeon Overview and Level Annotations

Branches:
Dungeon (15/15)            Temple (1/1) D:4            Lair (5/5) D:9
  Swamp (4/4) Lair:2       Spider (4/4) Lair:3        Slime (0/5) Lair:4
    Orc (2/2) D:11            Elf (3/3) Orc:2        Vaults (5/5) D:14
  Crypt (3/3) Vaults:2       Tomb (0/3) Crypt:3      Depths (4/4) D:15
    Zot (5/5) Depths:4    Ossuary (visited)           IceCv (visited)
 WizLab (visited)

Altars:
Ashenzari
Cheibriados
Dithmenos
Elyvilon
Fedhas
Gozag
Hepliaklqana
Kikubaaqudgha
Makhleb
Nemelex Xobeh
Okawaru
Qazlal
Ru
Sif Muna
Trog
Uskayaw
Vehumet
Wu Jian
Xom
Yredelemnul
Zin
The Shining One
Beogh
Jiyva

Shops:
D:2 =   D:7 :   D:14 *   Orc:1 !   Orc:2 (*(*   Vaults:3 !   Zot:4 *
Depths:2 [   Depths:3 :[

Portals:
Hell: Depths:1 Depths:2 Depths:3 Depths:4
Abyss: Depths:3
Pandemonium: Depths:2 Depths:4
Ziggurat: Depths:4
Trove: Vaults:2 (give 16 scrolls of teleportation)

Annotations:
Lair:5 exclusion: door
Elf:1 20 runed translucent doors, Roxanne
Elf:3 Norris
Crypt:1 2 transporters, exclusion: orange crystal statue
Zot:5 2 transporters


Innate Abilities, Weirdness & Mutations

You are small and have problems with some larger weapons.
You are completely attuned to the shadows.
Armour fits poorly on your strangely shaped body.
You are strong-willed. (Will+)
You are robust. (+10% HP)
Your muscles are strong. (Str +4, Int/Dex -1)
You are vulnerable to cold. (rC-)


Message History

You skewer the sixfirhy like a kebab!!!
You kill the sixfirhy!
The cacodemon barely misses you. You block the cacodemon's attack.
You block the cacodemon's attack. x2
Casting: Enfeeble (safe; 0% risk of failure)
Confirm with . or Enter, or press ? or * to list all spells.
Aiming: Enfeeble (safe; 0% risk of failure)
Press: ? - help, Shift-Dir - straight line, f - cacodemon
Aim: a cacodemon (will inflict weakness and antimagic, chance to daze and blind: 28%)
The cacodemon partially resists.
The cacodemon is enfeebled!
The cacodemon misses you. The cacodemon completely misses you.
Unknown command.
The cacodemon attacks as it pursues you!
You block the cacodemon's attack. x2
Things that are here:
a +0 halberd; a gnoll skeleton You puncture the cacodemon!
The cacodemon suddenly stops moving!
The cacodemon is lightly wounded.
The helpless cacodemon fails to defend itself.
You skewer the cacodemon like a kebab!!!!!!
You kill the cacodemon!
You see here a +0 club.
There is an escape hatch in the ceiling here.
A mysterious force pulls you upwards. The hatch slams shut behind you.
What level of the Dungeon? (default 1, ? - help) Magic restored.
There is a stone staircase leading up here.
You climb upwards.
There is a stone staircase leading down here.
There is a stone staircase leading up here.
You climb upwards.
There is a stone staircase leading down here.
There is an open door here.
You sense a monster nearby.
Pemp comes into view.
There is a staircase leading out of the dungeon here.
Press: ? - help, v - describe, . - travel
Here: Pemp The floor.
You have escaped!

###............##........##.
######...###.......#####.........
.......### #.......# #......)...
######## #####+######........## #
#.........##......#.## #
#.........#.......#.##
############..⌠...⌠..#.......#÷.#
...........#.........#.......##).
##########.'....@.&..'.##..#####.
# ###.........#.....# ## #
#..⌠...⌠..###.{.#### # #
#.........##...{...### #
#.........#{.....#..##
################'#####{.....##...
.#................## #......#####
...................###.###### #
#..†.......##..........##### #


You could see Pemp.

Vanquished Creatures
  4 dread liches
  2 ancient liches
  2 juggernauts (Depths:2)
  A royal mummy (Crypt:1)
  A Killer Klown (Zot:3)
  Bai Suzhen (Elf:3)
  Boris (Crypt:3)
  A caustic shrike (Depths:2)
  4 golden dragons
  3 curse toes
  Nikola (Swamp:1)
  Jory (Depths:4)
  2 bone dragons
  A Tzitzimitl (Zot:4)
  Rupert (D:12)
  9 Orb Guardians (Zot:5)
  13 tentacled monstrosities
  3 liches
  Jorgrun (Swamp:2)
  5 titans
  Zenata (Elf:3)
  Asterion (Vaults:1)
  2 deep elf blademasters (Elf:3)
  A walking divine tome (Depths:2)
  2 deep elf master archers (Elf:3)
  4 sphinxes
  5 quicksilver dragons
  2 thorn hunters (Swamp:2)
  3 ancient champions
  8 death cobs
  6 shadow dragons
  Kirke (Spider:1)
  A fenstrider witch (Swamp:3)
  17 storm dragons
  6 tengu reavers
  2 revenants
  4 fire giants
  2 protean progenitors (Zot:4)
  7 draconian monks
  15 frost giants
  2 emperor scorpions
  11 vault wardens
  5 ghost moths
  3 draconian knights
  A caustic shrike zombie (Depths:1)
  3 draconian shifters
  5 deep elf elementalists (Elf:3)
  A balrug (Depths:3)
  3 deep elf sorcerers (Elf:3)
  4 draconian scorchers
  An iron dragon (Depths:1)
  Louise (D:15)
  2 curse skulls (Crypt:3)
  2 spriggan defenders
  A draconian stormcaller (Zot:1)
  6 very ugly things
  6 ghouls
  8 ironbound preservers
  4 draconian annihilators
  A formless jellyfish (Vaults:3)
  A cacodemon (D:4)
  17 stone giants
  A broodmother (Spider:2)
  9 deep elf death magi
  4 eleionomae
  15 green draconians
  10 deep elf annihilators
  5 deep elf demonologists
  23 dire elephants
  8 ironbound thunderhulks
  8 black draconians
  A demonspawn black sun (Zot:3)
  4 white draconians
  14 purple draconians
  11 bunyips
  5 spark wasps
  9 red draconians
  5 vampire knights
  3 war gargoyles
  9 yellow draconians
  4 eidola
  6 fire dragons
  Snorg (D:11)
  17 ettins
  A crystal guardian (WizLab)
  3 entropy weavers
  A green death (Depths:4)
  3 shambling mangroves (Swamp:4)
  7 yaktaur captains
  A merfolk impaler (Depths:3)
  3 jiangshi
  11 hydras
  3 great orbs of eyes
  2 deep elf high priests (Vaults:5)
  A hell beast (Depths:3)
  3 rakshasas
  A quicksilver dragon skeleton (Crypt:2)
  26 vault guards
  2 salamander tyrants (WizLab)
  2 jorogumos
  5 ice dragons
  A caustic shrike simulacrum (Crypt:1)
  3 spriggan air magi
  3 peacekeepers (WizLab)
  5 ironbound frosthearts
  2 radroaches
  6 alligators
  3 catoblepae
  An ogre mage (D:10)
  2 spriggan skeletons
  6 death knights
  8 centaur warriors
  11 two-headed ogres
  9 dancing weapons
  4 deep troll shamans
  A sphinx skeleton (D:15)
  12 boulder beetles
  3 deep troll earth magi
  6 demonic crawlers
  6 tengu warriors
  17 death yaks
  4 occultists
  3 orc high priests
  5 spriggan berserkers
  A soul eater (Crypt:1)
  A hell knight (Depths:1)
  A storm dragon zombie (Vaults:5)
  2 shadow wraiths
  7 vampire magi
  4 deep elf knights
  3 spriggans
  6 iron trolls
  A titan skeleton (Crypt:3)
  A spectral spark wasp (Depths:3)
  A sixfirhy (D:4)
  3 pharaoh ants
  4 skysharks
  A storm dragon skeleton (D:15)
  An anaconda zombie (Crypt:3)
  9 skeletal warriors
  5 flayed ghosts
  2 glowing orange brains (Depths:1)
  26 deep trolls
  6 goliath frogs
  4 arcanists
  2 sun moths
  5 spriggan druids
  8 orb spiders (Spider:4)
  4 bog bodies
  A harpy (shapeshifter) (D:12)
  10 swamp dragons
  2 sea snakes (shapeshifter) (Vaults:5)
  14 ironbound convokers
  2 tengu zombies
  10 deep elf archers
  7 necromancers
  5 steelbarb worms (Spider:4)
  2 lightning spires (WizLab)
  7 lindwurms
  17 deep elf zephyrmancers
  21 wolf spiders
  9 phantasmal warriors
  A shadow dragon skeleton (Depths:1)
  An eye of devastation (shapeshifter) (Vaults:5)
  12 deep elf pyromancers
  29 ugly things
  6 salamanders
  2 manticores
  6 orc sorcerers
  4 will-o-the-wisps
  9 meliai
  A rust devil (Depths:4)
  A human skeleton (Vaults:2)
  2 kobold blastminers (Orc:1)
  A tengu skeleton (Vaults:5)
  2 cyclopes
  26 moths of wrath
  A frost giant skeleton (Depths:1)
  A jorogumo skeleton (Crypt:1)
  9 black mambas
  A dire elephant zombie (Crypt:3)
  Joseph (D:8)
  2 fire giant skeletons
  An elephant (Lair:4)
  11 vault sentinels
  2 molten gargoyles (WizLab)
  2 ice statues (IceCv)
  11 cane toads
  6 torpor snails
  A smoke demon (Zot:4)
  A minotaur zombie (Crypt:1)
  10 gargoyles
  A yellow draconian zombie (Crypt:2)
  An unseen horror (shapeshifter) (D:14)
  Maggie (D:7)
  5 rime drakes
  10 freezing wraiths
  6 tengu conjurers
  11 komodo dragons
  Psyche (D:9)
  6 ice devils (IceCv)
  12 yaktaurs
  A death yak skeleton (Crypt:2)
  A golden dragon simulacrum (Crypt:3)
  A queen bee (shapeshifter) (D:14)
  A guardian mummy (Crypt:3)
  A pale draconian skeleton (Crypt:1)
  A death drake zombie (Crypt:3)
  5 trolls
  6 tyrant leeches
  2 harpy skeletons
  A merfolk (shapeshifter) (Vaults:5)
  2 polar bears
  2 glass eyes
  24 tarantellas
  3 spriggan zombies
  6 hornets
  8 blink frogs
  15 slime creatures
  Prince Ribbit (D:5)
  25 jumping spiders
  Sigmund (D:6)
  An ice dragon skeleton (Crypt:3)
  13 culicivoras
  3 vampires
  5 wraiths
  5 shadows
  18 yaks
  5 water elementals
  7 wyverns
  5 basilisks
  16 humans
  4 fire elementals
  3 wargs
  61 redbacks
  6 vampire mosquitoes
  2 steam dragons
  2 death yak simulacra (IceCv)
  Grum (D:11)
  A harpy simulacrum (Crypt:3)
  A deep troll zombie (Crypt:2)
  15 swamp worms
  4 acid dragons
  A hydra simulacrum (IceCv)
  31 water moccasins
  2 deep troll skeletons (Crypt:2)
  2 hell hounds
  25 orc warriors
  A hornet zombie (Crypt:3)
  5 swamp drakes
  An ettin simulacrum (Depths:1)
  2 sky beasts (D:8)
  2 black bears
  6 ogres
  11 laughing skulls
  A manticore skeleton (Crypt:3)
  15 wolves
  17 centaurs
  A phantom (D:5)
  A weeping skull (Ossuary)
  2 kobold brigands
  3 scorpions
  A deep troll simulacrum (Crypt:2)
  11 bullfrogs
  A cane toad simulacrum (IceCv)
  A two-headed ogre simulacrum (IceCv)
  2 gnoll sergeants
  3 earth elementals
  2 burial acolytes (Ossuary)
  3 wights (D:6)
  An elephant simulacrum (IceCv)
  5 killer bees (D:11)
  A yak skeleton (Crypt:3)
  A bullfrog zombie (Crypt:2)
  6 howler monkeys
  2 bombardier beetles (D:5)
  2 centaur zombies (Ossuary)
  A wolf skeleton (Crypt:3)
  2 hounds
  3 gnoll boudas
  4 jellies
  29 orc priests
  2 sleepcaps
  Natasha (thrice) (D:4)
  3 iguanas
  44 orc wizards
  7 hell rats
  A polar bear simulacrum (IceCv)
  2 spriggan simulacra (IceCv)
  2 troll simulacra (IceCv)
  An ogre zombie (Crypt:2)
  3 hound zombies (Ossuary)
  14 mummies
  A howler monkey skeleton (Crypt:3)
  32 gnolls
  2 adders
  4 naga simulacra
  A steam dragon zombie (Crypt:2)
  6 white imps
  2 ufetubi (IceCv)
  A jelly zombie (Crypt:2)
  A lava snake zombie (Crypt:1)
  A lava snake skeleton (Crypt:3)
  2 dart slugs
  3 ribbon worms
  58 orcs
  5 ball pythons
  4 bats
  A bat skeleton (Crypt:1)
  6 endoplasms
  3 giant cockroaches
  5 hobgoblins
  13 jackals
  3 quokkas
  4 frilled lizards
  5 gnoll zombies (Ossuary)
  4 goblins
  10 kobolds
  A kobold zombie (Crypt:1)
  5 orc zombies (Ossuary)
  4 rats
1799 creatures vanquished.

Vanquished Creatures (collateral kills)
  Khufu (Crypt:1)
  An orb of fire (Zot:3)
  2 curse toes
  A titan (Vaults:5)
  An Orb Guardian (Zot:5)
  3 sphinxes
  An ancient champion (Crypt:1)
  A death cob (Zot:3)
  A shadow dragon (Depths:4)
  A thorn hunter (Swamp:4)
  A draconian knight (Zot:2)
  Donald (Swamp:2)
  A fenstrider witch (Swamp:4)
  A protean progenitor (Zot:4)
  8 draconian scorchers
  2 draconian monks
  An emperor scorpion (Spider:4)
  A deep elf elementalist (Elf:3)
  A draconian annihilator (Zot:1)
  5 very ugly things
  9 ironbound preservers
  A draconian stormcaller (Zot:3)
  2 ghouls
  A stone giant (Vaults:5)
  An ironbound thunderhulk (Vaults:1)
  A vampire knight (Crypt:1)
  6 green draconians
  2 deep elf annihilators
  3 deep elf demonologists (Elf:3)
  2 black draconians (Zot:2)
  2 deep elf death magi (Elf:3)
  A demonspawn black sun (Zot:3)
  2 dire elephants (Vaults:3)
  4 yellow draconians
  2 purple draconians
  5 white draconians
  4 red draconians
  A war gargoyle (Vaults:5)
  2 eidola
  A crystal guardian (WizLab)
  3 fire dragons
  A jiangshi (Crypt:1)
  2 spriggan air magi (Depths:4)
  4 vault guards
  17 hydras
  A hell beast (Depths:1)
  2 ghost crabs (Swamp:2)
  A centaur warrior (Vaults:2)
  2 ironbound frosthearts
  2 ogre magi (D:15)
  A death knight (Crypt:1)
  2 dancing weapons (Elf:3)
  3 vampire magi
  A tengu warrior (D:15)
  A deep troll earth mage (Depths:4)
  An orc high priest (Orc:2)
  A satyr (Zot:4)
  2 deep troll shamans
  A deep elf knight (Elf:3)
  2 skysharks (Elf:3)
  5 skeletal warriors
  3 hell knights (Depths:1)
  A goliath frog (Zot:4)
  2 sun moths (Spider:4)
  An ogre zombie (Vaults:2)
  2 flayed ghosts
  A glowing orange brain (Depths:1)
  4 arcanists
  An orb spider (Spider:4)
  A bog body (Crypt:2)
  A deep elf archer (Elf:3)
  27 deep trolls
  A shock serpent (shapeshifter) (Vaults:5)
  A harpy (Depths:1)
  4 swamp dragons
  A necromancer (D:14)
  3 lindwurms (Vaults:1)
  3 ugly things
  5 ironbound convokers
  A shadow dragon skeleton (Depths:1)
  4 deep elf pyromancers
  6 deep elf zephyrmancers
  2 phantasmal warriors
  A jorogumo zombie (Crypt:1)
  A salamander (WizLab)
  An orc sorcerer (Orc:2)
  5 manticores (Depths:1)
  2 wolf spiders
  A centaur zombie (Crypt:1)
  A moth of wrath (Zot:2)
  A meliai (Spider:4)
  A fire giant skeleton (Depths:1)
  A cane toad (Lair:5)
  A vault sentinel (Vaults:2)
  A gargoyle (WizLab)
  A naga zombie (Crypt:1)
  An alligator snapping turtle skeleton (Crypt:3)
  A freezing wraith (Crypt:3)
  2 yaktaurs (D:14)
  2 rime drakes
  A tyrant leech (Swamp:2)
  A bloated husk (Swamp:2)
  2 hornets (Swamp:4)
  2 tarantellas
  4 slime creatures
  A jumping spider (Spider:2)
  3 culicivoras
  3 spriggans
  A yak (Lair:1)
  A redback (Spider:4)
  An elf zombie (Vaults:2)
  A human (D:14)
  A yaktaur simulacrum (Vaults:2)
  A swamp worm (Swamp:2)
  A glowing shapeshifter zombie (Crypt:2)
  2 hell hounds (Depths:1)
  2 swamp drakes (Swamp:4)
  An orc warrior (Orc:2)
  4 laughing skulls (Crypt:1)
  3 ogres (D:15)
  2 orc priests (Orc:2)
  2 orc wizards
  2 mummies (Crypt:1)
  An orc (D:5)
  A frilled lizard skeleton (Crypt:2)
  A goblin skeleton (Crypt:1)
  An aspiring flesh (Zot:4)
287 creatures vanquished.

Vanquished Creatures (others)
  An ancient champion (Crypt:3)
  A death cob (Zot:3)
  A draconian knight (Zot:5)
  A deep elf sorcerer (Elf:3)
  2 vault wardens (Vaults:2)
  A draconian scorcher (Zot:2)
  2 deep elf elementalists (Elf:3)
  A stone giant (Depths:4)
  2 ironbound preservers (Vaults:1)
  A green draconian (Zot:1)
  2 very ugly things (Depths:4)
  3 black draconians
  A red draconian (Zot:1)
  A deep elf death mage (Elf:3)
  2 white draconians
  A yellow draconian (Zot:2)
  3 fire dragons (Depths:1)
  A deep elf high priest (Elf:3)
  An ice dragon (Depths:4)
  A vault guard (Vaults:5)
  3 hydras
  4 centaur warriors (Vaults:2)
  3 dancing weapons
  A vampire mage (Crypt:1)
  A spriggan berserker (Depths:4)
  A hell knight (Depths:1)
  7 deep trolls
  A swamp dragon (Swamp:4)
  2 phantasmal warriors
  A bog body (Crypt:1)
  2 deep elf archers (Elf:3)
  A flayed ghost (D:15)
  2 necromancers
  An orc knight (Vaults:5)
  An ironbound convoker (Vaults:2)
  An ugly thing (D:15)
  A dire elephant zombie (Vaults:1)
  A vault sentinel (Vaults:5)
  2 yaktaurs
  2 hornets
  3 spriggans
  A human (Spider:1)
  A yak (Lair:1)
  A vampire mosquito (D:15)
  An entropy weaver zombie (Spider:4)
  A hell hound (Depths:1)
  A swamp drake (Swamp:4)
  A blink frog zombie (Lair:1)
  2 laughing skulls
  A centaur (D:15)
  A komodo dragon zombie (Lair:5)
  A polar bear zombie (Lair:4)
  An iguana (D:5)
  A howler monkey zombie (D:10)
  2 orc zombies
86 creatures vanquished.

Grand Total: 2172 creatures vanquished

Notes
Turn   | Place    | Note
-------+----------+-------------------------------------------
     0 | D:1      | Anonymous1 the Kobold Brigand began the quest for the Orb.
     0 | D:1      | Reached XP level 1. HP: 12/12 MP: 1/1
    54 | D:1      | Reached XP level 2. HP: 17/17 MP: 2/2
    59 | D:1      | Reached skill level 6 in Stealth
   188 | D:1      | Reached XP level 3. HP: 15/22 MP: 3/3
   580 | D:2      | Reached XP level 4. HP: 27/27 MP: 4/4
   637 | D:2      | Reached skill level 7 in Stealth
  1284 | D:3      | Found an ornate altar of the Wu Jian Council.
  1376 | D:3      | Reached XP level 5. HP: 29/32 MP: 5/5
  1544 | D:4      | Reached skill level 8 in Stealth
  1628 | D:4      | Reached XP level 6. HP: 30/37 MP: 6/6
  1754 | D:5      | Entered Level 5 of the Dungeon
  1754 | D:5      | Noticed an orc warrior
  1954 | D:4      | Noticed Natasha
  1961 | D:4      | Killed Natasha
  2143 | D:5      | Found a faded altar of an unknown god.
  2149 | D:5      | Reached skill level 9 in Stealth
  2149 | D:5      | Reached XP level 7. HP: 41/41 MP: 7/7
  2154 | D:5      | Found a hazy altar of Hepliaklqana.
  2213 | D:5      | Reached skill level 5 in Short Blades
  2367 | D:5      | Noticed a water moccasin
  2413 | D:5      | Reached skill level 10 in Stealth
  2413 | D:5      | Reached skill level 1 in Evocations
  2413 | D:5      | Reached XP level 8. HP: 36/46 MP: 8/8
  2784 | D:4      | Found a staircase to the Ecumenical Temple.
  2790 | Temple   | Entered the Ecumenical Temple
  2805 | Temple   | Became a worshipper of Ashenzari the Shackled
  3199 | D:2      | Found Esumam's Jewellery Shop.
  3210 | D:2      | Found a basalt altar of Yredelemnul.
  4145 | D:4      | Reached skill level 11 in Stealth
  4249 | D:4      | Noticed Natasha
  4260 | D:4      | Killed Natasha
  4428 | D:4      | Noticed Natasha
  4435 | D:4      | Killed Natasha
  4703 | D:6      | Noticed Prince Ribbit
  4851 | D:5      | Killed Prince Ribbit
  4852 | D:5      | Reached XP level 9. HP: 29/52 MP: 9/9
  4991 | D:6      | Found a sand-covered staircase.
  4997 | Ossuary  | Entered an ossuary
  5755 | D:6      | Reached skill level 5 in Fighting
  5756 | D:6      | Reached skill level 12 in Stealth
  5813 | D:6      | Learned a level 2 spell: Ensorcelled Hibernation
  5818 | D:6      | Learned a level 1 spell: Apportation
  5972 | D:6      | Noticed Sigmund
  5975 | D:6      | Killed Sigmund
  5976 | D:6      | Reached skill level 1 in Spellcasting
  5976 | D:6      | Reached skill level 1 in Hexes
  6396 | D:7      | Reached XP level 10. HP: 43/59 MP: 12/12
  6555 | D:7      | Found an iron altar of Okawaru.
  6800 | D:7      | Found Ylaexta's Self-Improvement Boutique.
  7036 | D:7      | Noticed Maggie
  7038 | D:7      | Killed Maggie
  7039 | D:7      | Reached skill level 13 in Stealth
  7552 | D:8      | Reached skill level 5 in Dodging
  7588 | D:8      | Noticed Joseph
  7593 | D:8      | Killed Joseph
  7678 | D:8      | Reached * piety under Ashenzari
  8120 | D:8      | Reached ** piety under Ashenzari
  8474 | D:9      | Noticed a two-headed ogre
  8478 | D:9      | Killed a two-headed ogre
  8479 | D:9      | Reached skill level 14 in Stealth
  8479 | D:9      | Reached skill level 1 in Ice Magic
  8503 | D:9      | Reached XP level 11. HP: 59/64 MP: 18/18
  8799 | D:9      | Noticed Psyche
  8806 | D:9      | Killed Psyche
  8912 | D:9      | Reached skill level 10 in Short Blades
  9112 | D:9      | Found a staircase to the Lair.
  9416 | D:10     | Entered Level 10 of the Dungeon
  9557 | D:10     | Identified the +0 pair of boots "Ypinitz" {^Drain rElec rN+
                  | Will+ Str+4}
  9612 | D:10     | Reached *** piety under Ashenzari
  9729 | D:10     | Learned a level 3 spell: Swiftness
  9733 | D:10     | Learned a level 3 spell: Passwall
  9758 | D:10     | Found a stormy altar of Qazlal.
  9974 | D:10     | Reached skill level 15 in Stealth
 10205 | D:10     | Found a transporter.
 10206 | D:10     | Noticed an ogre mage
 10208 | D:10     | Noticed a two-headed ogre
 10388 | D:10     | Reached skill level 5 in Hexes
 10676 | D:11     | Reached skill level 5 in Spellcasting
 10707 | D:11     | Reached **** piety under Ashenzari
 10765 | D:11     | Learned a level 3 spell: Tukima's Dance
 10771 | D:11     | Learned a level 5 spell: Yara's Violent Unravelling
 10776 | D:11     | Learned a level 4 spell: Passage of Golubria
 10777 | D:11     | Found a glowing silver altar of Zin.
 10823 | D:11     | Noticed a seven-headed hydra
 10912 | Lair:1   | Entered Level 1 of the Lair of Beasts
 11091 | Lair:1   | Reached skill level 16 in Stealth
 11125 | Lair:1   | Reached XP level 12. HP: 71/71 MP: 18/23
 11172 | Lair:1   | Noticed a catoblepas
 11208 | Lair:1   | Killed a catoblepas
 11271 | Lair:1   | Noticed a catoblepas
 11277 | Lair:1   | Killed a catoblepas
 11503 | Lair:1   | Reached skill level 17 in Stealth
 12154 | Lair:2   | Identified the +5 great mace "Merash" {freeze, Str+4 Int+2
                  | Dex+3}
 12162 | Lair:2   | Noticed a boulder beetle
 12167 | Lair:2   | Killed a boulder beetle
 12324 | Lair:2   | Noticed a skyshark
 12480 | Lair:2   | Noticed an eleionoma
 12588 | Lair:2   | Killed a skyshark
 12589 | Lair:2   | Reached skill level 18 in Stealth
 12589 | Lair:2   | Reached skill level 1 in Earth Magic
 12634 | Lair:2   | Reached ***** piety under Ashenzari
 12655 | Lair:2   | Reached XP level 13. HP: 65/76 MP: 22/27
 13315 | Lair:3   | Reached skill level 1 in Armour
 13787 | Lair:3   | Reached skill level 19 in Stealth
 14110 | Lair:3   | Reached skill level 1 in Alchemy
 14261 | Lair:3   | Found a hole to the Spider Nest.
 14828 | Lair:4   | Noticed a seven-headed hydra
 14831 | Lair:4   | Killed a seven-headed hydra
 14985 | Lair:4   | Found a runed translucent door.
 14985 | Lair:4   | Found a viscous altar of Jiyva.
 14987 | Lair:4   | Found a staircase to the Slime Pits.
 15203 | Lair:4   | Reached XP level 14. HP: 74/82 MP: 29/29
 15991 | Lair:5   | Entered Level 5 of the Lair of Beasts
 15999 | Lair:4   | Reached skill level 20 in Stealth
 16271 | Lair:5   | Learned a level 3 spell: Call Canine Familiar
 16317 | Lair:5   | Reached skill level 10 in Spellcasting
 16344 | Lair:5   | Found a frozen archway.
 16356 | IceCv    | Entered an ice cave
 16688 | IceCv    | Gained mutation: You have large cloven feet. [potion of
                  | mutation]
 16688 | IceCv    | Gained mutation: You have hoof-like feet. [potion of
                  | mutation]
 16688 | IceCv    | Gained mutation: You occasionally lose the ability to read
                  | scrolls when taking damage. [potion of mutation]
 16688 | IceCv    | Gained mutation: You have a somewhat thin skeletal
                  | structure. (Dex +2, Stealth+) [potion of mutation]
 17148 | IceCv    | Noticed a reaper
 18187 | Lair:5   | Found a shimmering altar of Xom.
 18707 | Lair:5   | Reached skill level 1 in Summonings
 18723 | Lair:5   | Reached skill level 21 in Stealth
 18784 | Lair:5   | Reached skill level 10 in Hexes
 18784 | Lair:5   | Reached XP level 15. HP: 89/89 MP: 26/32
 19182 | D:11     | Found a staircase to the Orcish Mines.
 19194 | D:11     | Identified the +7 dagger of Muenoq {freeze, rElec rPois
                  | Int-2}
 19221 | D:11     | Noticed Grum
 19225 | D:11     | Noticed Snorg
 19229 | D:11     | Killed Grum
 19233 | D:11     | Killed Snorg
 19473 | D:11     | Reached skill level 1 in Shields
 19634 | Orc:1    | Entered Level 1 of the Orcish Mines
 19912 | D:7      | Bought a manual of Stealth for 1120 gold pieces
 19986 | Orc:2    | Entered Level 2 of the Orcish Mines
 20492 | Orc:1    | Found Sustruope's Distillery.
 20506 | Orc:1    | Bought a potion of mutation for 96 gold pieces
 20506 | Orc:1    | Lost mutation: You occasionally lose the ability to read
                  | scrolls when taking damage. [potion of mutation]
 20506 | Orc:1    | Lost mutation: You have hoof-like feet. [potion of
                  | mutation]
 20506 | Orc:1    | Lost mutation: You have large cloven feet. [potion of
                  | mutation]
 20506 | Orc:1    | Gained mutation: You occasionally lose the ability to drink
                  | potions when taking damage. [potion of mutation]
 20506 | Orc:1    | Gained mutation: Your mind is acute. (Int +4, Str/Dex -1)
                  | [potion of mutation]
 20507 | Orc:1    | Bought 2 potions of mutation for 192 gold pieces
 20507 | Orc:1    | Lost mutation: Your mind is acute. (Int +4, Str/Dex -1)
                  | [potion of mutation]
 20507 | Orc:1    | Lost mutation: You occasionally lose the ability to drink
                  | potions when taking damage. [potion of mutation]
 20507 | Orc:1    | Lost mutation: You have a somewhat thin skeletal structure.
                  | (Dex +2, Stealth+) [potion of mutation]
 20507 | Orc:1    | Gained mutation: Your health recovers twice as slowly from
                  | being drained. [potion of mutation]
 20508 | Orc:1    | Lost mutation: Your health recovers twice as slowly from
                  | being drained. [potion of mutation]
 20508 | Orc:1    | Gained mutation: You have very sharp teeth. [potion of
                  | mutation]
 20508 | Orc:1    | Gained mutation: Your muscles are strong. (Str +4, Int/Dex
                  | -1) [potion of mutation]
 20508 | Orc:1    | Gained mutation: You are vulnerable to heat. (rF-) [potion
                  | of mutation]
 20508 | Orc:1    | Gained mutation: Your mind is acute. (Int +4, Str/Dex -1)
                  | [potion of mutation]
 20509 | Orc:1    | Bought a potion of resistance for 120 gold pieces
 21085 | Orc:2    | Reached skill level 22 in Stealth
 21293 | Orc:2    | Paralysed by an orc sorcerer for 2 turns
 21958 | Orc:2    | Found a staircase to the Elven Halls.
 22341 | Orc:2    | Found Tudoleeng's General Store.
 22342 | Orc:2    | Found Ituapt's Weapon Shoppe.
 22343 | Orc:2    | Found Doekimp's Weapon Emporium.
 22344 | Orc:2    | Found Meumiwykh's Assorted Antiques.
 22352 | Orc:2    | Bought a scroll of fog for 56 gold pieces
 22352 | Orc:2    | Bought 2 potions of might for 112 gold pieces
 22767 | D:12     | Noticed Rupert
 22767 | D:12     | Killed Rupert
 22791 | D:12     | Learned a level 8 spell: Discord
 22837 | D:12     | Reached skill level 23 in Stealth
 23098 | D:12     | Learned a level 5 spell: Alistair's Intoxication
 23650 | D:13     | Reached skill level 5 in Alchemy
 24733 | D:14     | Reached skill level 24 in Stealth
 24736 | D:14     | Reached skill level 5 in Evocations
 25002 | D:14     | Learned a level 1 spell: Summon Small Mammal
 25224 | D:14     | Reached XP level 16. HP: 100/100 MP: 36/36
 25427 | D:14     | Found a broken altar of Ashenzari.
 25514 | D:14     | Found Vefaer's Assorted Antiques.
 25522 | D:14     | Learned a level 4 spell: Olgreb's Toxic Radiance
 25651 | D:14     | Bought a twisted jade ring for 160 gold pieces
 26008 | D:14     | Found a gate to the Vaults.
 26523 | Spider:1 | Entered Level 1 of the Spider Nest
 26523 | Spider:1 | Noticed an emperor scorpion
 26524 | Spider:1 | Killed an emperor scorpion
 26776 | Spider:1 | Noticed Kirke
 26776 | Spider:1 | Killed Kirke
 26848 | Spider:1 | Reached skill level 25 in Stealth
 27566 | Spider:1 | Lost mutation: You are vulnerable to heat. (rF-) [potion of
                  | mutation]
 27566 | Spider:1 | Lost mutation: Your mind is acute. (Int +4, Str/Dex -1)
                  | [potion of mutation]
 27566 | Spider:1 | Lost mutation: You have very sharp teeth. [potion of
                  | mutation]
 27566 | Spider:1 | Gained mutation: You are strong-willed. (Will+) [potion of
                  | mutation]
 27566 | Spider:1 | Gained mutation: Armour fits poorly on your strangely
                  | shaped body. [potion of mutation]
 27566 | Spider:1 | Gained mutation: You are robust. (+10% HP) [potion of
                  | mutation]
 28573 | Spider:2 | Reached XP level 17. HP: 113/113 MP: 38/38
 28670 | Spider:2 | Reached skill level 1 in Air Magic
 29890 | Spider:4 | Entered Level 4 of the Spider Nest
 32131 | Spider:4 | Reached XP level 18. HP: 121/121 MP: 37/40
 32548 | Orc:2    | Bought a sack of spiders for 560 gold pieces
 32651 | D:15     | Entered Level 15 of the Dungeon
 32658 | D:15     | Identified the +1 robe of the Bulwark {rN+ Int-2 Archmagi}
 33010 | D:15     | Noticed Louise
 33019 | D:15     | Killed Louise
 33617 | D:15     | Found a glowing golden altar of the Shining One.
 34107 | D:15     | Found a staircase to the Depths.
 34594 | Orc:2    | Reached skill level 15 in Spellcasting
 34644 | Orc:2    | Found a roughly hewn altar of Beogh.
 34757 | Elf:1    | Entered Level 1 of the Elven Halls
 35259 | Elf:1    | Found a huge runed translucent gate.
 35259 | Elf:1    | Found a huge runed translucent gate.
 35652 | Elf:1    | Learned a level 6 spell: Eringya's Noxious Bog
 35738 | Elf:1    | Noticed Roxanne
 36112 | Elf:1    | Found a huge runed translucent gate.
 36112 | Elf:1    | Found a huge runed translucent gate.
 36142 | Elf:1    | Found a huge runed translucent gate.
 36142 | Elf:1    | Found a huge runed translucent gate.
 36142 | Elf:1    | Found a huge runed translucent gate.
 36142 | Elf:1    | Found a huge runed translucent gate.
 36142 | Elf:1    | Found a huge runed translucent gate.
 36142 | Elf:1    | Found a huge runed translucent gate.
 36281 | Elf:1    | Found a huge runed translucent gate.
 36283 | Elf:1    | Found a huge runed translucent gate.
 36319 | Elf:1    | Found a huge runed translucent gate.
 36326 | Elf:1    | Found a huge runed translucent gate.
 36364 | Elf:1    | Found a huge runed translucent gate.
 36364 | Elf:1    | Found a huge runed translucent gate.
 36365 | Elf:1    | Found a huge runed translucent gate.
 36365 | Elf:1    | Found a huge runed translucent gate.
 36365 | Elf:1    | Found a huge runed translucent gate.
 36366 | Elf:1    | Found a huge runed translucent gate.
 36377 | Elf:1    | Noticed a deep elf master archer
 37588 | Elf:3    | Entered Level 3 of the Elven Halls
 38099 | Elf:3    | Noticed Zenata
 38100 | Elf:3    | Killed Zenata
 38127 | Elf:3    | Noticed Norris
 38138 | Elf:3    | Reached XP level 19. HP: 82/126 MP: 34/42
 38439 | Elf:3    | Reached skill level 15 in Hexes
 38947 | Elf:3    | Identified the +7 scale mail "Likhloq" {+Blink Int+3}
 39517 | Elf:3    | Noticed Bai Suzhen
 39517 | Elf:3    | Killed Bai Suzhen
 40154 | Elf:3    | Noticed a deep elf blademaster
 40990 | Elf:3    | Identified the +6 spear "Ilutt" {flame, *Rage rF++ rN+}
 41274 | Elf:3    | Noticed a deep elf blademaster
 41279 | Elf:3    | Killed a deep elf blademaster
 41644 | Elf:3    | Identified the +7 flail "Watewki Qeps" {freeze, Will++}
 42101 | Elf:3    | Identified the +8 glaive "Qeur" {pain, rF+ rN+}
 43108 | Elf:3    | Killed a deep elf blademaster
 43426 | Elf:3    | Identified the Parchment of the Enchanted Serac
 43440 | Elf:3    | Learned a level 7 spell: Enfeeble
 43444 | Elf:3    | Identified the Tome of Flying Ignition
 43463 | Elf:3    | Identified the Compendium of Rocky Leadership
 43463 | Elf:3    | Identified the Grimoire of Necrotic Blows
 43483 | Elf:3    | Learned a level 4 spell: Airstrike
 44240 | D:10     | Found a roughly hewn altar of Beogh.
 44260 | D:10     | Found a transporter.
 44435 | Lair:2   | Found a staircase to the Swamp.
 44447 | Swamp:1  | Entered Level 1 of the Swamp
 44661 | Swamp:1  | Reached XP level 20. HP: 133/133 MP: 45/45
 44739 | Swamp:1  | Reached skill level 5 in Air Magic
 45177 | Swamp:1  | Identified the +2 pair of gloves "Fegre" {Int+2}
 45177 | Swamp:1  | Noticed Nikola
 45186 | Swamp:1  | Killed Nikola
 45503 | Swamp:2  | Learned a level 4 spell: Dispel Undead
 45550 | Swamp:2  | Noticed Donald
 45567 | Swamp:2  | Killed Donald
 46305 | Swamp:2  | Noticed Jorgrun
 46310 | Swamp:2  | Killed Jorgrun
 46635 | Swamp:3  | Noticed a tentacled monstrosity
 47268 | Swamp:3  | Killed a tentacled monstrosity
 47376 | Swamp:3  | Found a hazy altar of Hepliaklqana.
 47742 | Swamp:4  | Entered Level 4 of the Swamp
 47857 | Swamp:4  | Identified the +1 plate armour of Zuext {Fly rElec rC+
                  | rCorr}
 48150 | Swamp:4  | Noticed a tentacled monstrosity
 48153 | Swamp:4  | Killed a tentacled monstrosity
 48256 | Swamp:4  | Identified a scroll of acquirement
 48261 | Swamp:4  | Acquired 818 gold pieces
 48848 | Swamp:4  | Reached XP level 21. HP: 110/138 MP: 35/47
 48973 | Swamp:4  | Got a decaying rune of Zot
 49490 | Spider:4 | Got a gossamer rune of Zot
 49939 | Orc:2    | Bought a scroll of teleportation for 84 gold pieces
 49939 | Orc:2    | Bought a potion of haste for 280 gold pieces
 49939 | Orc:2    | Bought a potion of curing for 84 gold pieces
 49940 | Orc:2    | Bought a scroll of enchant weapon for 105 gold pieces
 49940 | Orc:2    | Bought a scroll of enchant weapon for 105 gold pieces
 49940 | Orc:2    | Bought a scroll of immolation for 56 gold pieces
 50046 | D:14     | Bought a phantom mirror for 1280 gold pieces
 50046 | D:14     | Bought a scroll of fear for 128 gold pieces
 50046 | D:14     | Bought a potion of magic for 256 gold pieces
 50103 | Vaults:1 | Entered Level 1 of the Vaults
 50393 | Vaults:1 | Reached skill level 5 in Shields
 50885 | Vaults:1 | Reached skill level 10 in Dodging
 51598 | Vaults:1 | Noticed Asterion
 51608 | Vaults:1 | Killed Asterion
 52484 | Vaults:2 | Found a magical portal.
 52489 | WizLab   | Entered Maxwell's Workshop
 52717 | WizLab   | Identified the ring "Bukuez" {Ice rCorr}
 53166 | WizLab   | Identified the +1 pair of gloves of Trumpets {rElec Str+3
                  | Dex+3}
 53166 | WizLab   | Identified the +4 double sword of the Mauling Boar {flame,
                  | rC- Will+ rCorr SInv}
 53229 | WizLab   | Identified the +2 sling of the Crawling Thing {antimagic,
                  | *Corrode rElec rPois Will+}
 53242 | WizLab   | Found the +2 Maxwell's thermic engine {flame, freeze, rev}
 53267 | WizLab   | Noticed an electric golem
 53537 | Vaults:2 | Found a staircase to the Crypt.
 53573 | Vaults:2 | Reached XP level 22. HP: 144/144 MP: 36/48
 53760 | Vaults:2 | Found a portal to a secret trove of treasure.
 55018 | Vaults:2 | Upgraded the game from 0.32-a0-360-gcd93b57 to
                  | 0.32-a0-361-g289a535
 55530 | Vaults:3 | Paralysed by a formless jellyfish for 1 turns
 56238 | Vaults:3 | Found Gidgh's Distillery.
 56242 | Vaults:3 | Bought a potion of magic for 104 gold pieces
 56242 | Vaults:3 | Bought a potion of curing for 39 gold pieces
 56242 | Vaults:3 | Bought a potion of might for 52 gold pieces
 56242 | Vaults:3 | Bought a potion of heal wounds for 65 gold pieces
 56242 | Vaults:3 | Bought a potion of cancellation for 104 gold pieces
 56242 | Vaults:3 | Bought a potion of curing for 39 gold pieces
 57631 | Vaults:4 | Reached XP level 23. HP: 151/151 MP: 50/50
 58505 | Vaults:5 | Entered Level 5 of the Vaults
 58505 | Vaults:5 | Identified the amulet "Cim Zuw" {RegenMP Str+3}
 58505 | Vaults:5 | Identified The Lost Grimoire of Boris
 58848 | Vaults:5 | Noticed a golden dragon
 58850 | Vaults:5 | Killed a golden dragon
 58867 | Vaults:5 | Noticed a dread lich
 58869 | Vaults:5 | Killed a dread lich
 58970 | Vaults:5 | Noticed a golden dragon
 58972 | Vaults:5 | Killed a golden dragon
 59268 | Vaults:5 | Noticed a dread lich
 59271 | Vaults:5 | Killed a dread lich
 59284 | Vaults:5 | Identified the +7 broad axe of Autumn {freeze, +Blink
                  | Int+3}
 59286 | Vaults:5 | Reached skill level 1 in Necromancy
 60230 | Vaults:5 | Identified the +10 scimitar of Aclusk {flame, rF+ Str+3}
 60821 | Vaults:5 | Identified the +3 short sword of Growth {speed, rElec Int-5
                  | Dex+4 Stlth+}
 61349 | Vaults:5 | Identified the staff of the Forsaken Curses {rF+ rC+ Fire}
 61741 | Vaults:5 | Reached XP level 24. HP: 147/158 MP: 42/51
 61836 | Vaults:5 | Got a silver rune of Zot
 62483 | Vaults:5 | Noticed an ancient lich
 62489 | Vaults:5 | Killed an ancient lich
 62691 | Vaults:5 | Noticed a golden dragon
 63004 | Vaults:5 | Killed a golden dragon
 63925 | Crypt:1  | Entered Level 1 of the Crypt
 65038 | Crypt:1  | Noticed a royal mummy
 65040 | Crypt:1  | Noticed Khufu
 65041 | Crypt:1  | Killed a royal mummy
 65065 | Crypt:1  | Killed Khufu
 66358 | Crypt:1  | Found a transporter.
 66672 | Crypt:1  | Found a transporter.
 67282 | Crypt:2  | Reached skill level 5 in Necromancy
 67409 | Crypt:3  | Entered Level 3 of the Crypt
 67445 | Crypt:3  | Found a staircase to the Tomb.
 67838 | Crypt:3  | Identified the +3 robe "Voudghipt" {Harm Int-5 Dex+3}
 67838 | Crypt:3  | Noticed Boris
 67841 | Crypt:3  | Killed Boris
 67842 | Crypt:3  | Reached XP level 25. HP: 165/165 MP: 52/52
 67873 | Crypt:2  | Found an ancient bone altar of Kikubaaqudgha.
 68168 | Crypt:3  | Identified the storm talisman of Cloud Cover {rN+ MP-9
                  | Str+2}
 68800 | Crypt:3  | Noticed a curse toe
 68820 | Crypt:3  | Killed a curse toe
 69130 | Crypt:3  | Identified the +4 long sword of Action {heavy, rPois rN+
                  | rCorr Str-3 SInv}
 69191 | Crypt:3  | Learned a level 2 spell: Blink
 69191 | Crypt:3  | Identified the Octavo of Evil
 69191 | Crypt:3  | Identified the +4 great sword of Simeeps {pain, rElec rC-
                  | rCorr SInv}
 69204 | Crypt:3  | Identified the +11 shortbow of Resourcefulness {drain,
                  | rElec rPois rN++ Str-3}
 69570 | Depths:1 | Entered Level 1 of the Depths
 70076 | Depths:1 | Found a gateway to Hell.
 71381 | Depths:2 | Noticed a juggernaut
 71381 | Depths:2 | Killed a juggernaut
 71382 | Depths:2 | Reached skill level 1 in Translocations
 71403 | Depths:2 | Found a blossoming altar of Fedhas.
 71483 | Depths:2 | Found Ucvu's Antique Armour Emporium.
 71694 | Depths:2 | Found a one-way gate leading to the halls of Pandemonium.
 71734 | Depths:2 | Found an opulent altar of Gozag.
 72101 | Depths:2 | Noticed a caustic shrike
 72101 | Depths:2 | Killed a caustic shrike
 72142 | Depths:2 | Reached XP level 26. HP: 171/171 MP: 53/54
 72244 | Depths:2 | Noticed a juggernaut
 72256 | Depths:2 | Killed a juggernaut
 72977 | Depths:3 | Found Nyzaneuru's Book Shop.
 72981 | Depths:3 | Bought a book of the Moon for 640 gold pieces
 72987 | Depths:3 | Learned a level 5 spell: Silence
 72989 | Depths:3 | Found Buduywyg's Antique Armour Boutique.
 72993 | Depths:3 | Bought a pair of fine boots for 446 gold pieces
 72993 | Depths:3 | Identified the +1 pair of boots "Ikyater" {rN+ MP+9 Stlth+}
                  | (You bought it in a shop on level 3 of the Depths)
 72996 | Depths:3 | Bought a glowing scarf for 376 gold pieces
 73042 | Depths:3 | Learned a level 3 spell: Mephitic Cloud
 73372 | Depths:3 | Identified the +0 leather armour of the Cobbler {rF+ rN+}
 73422 | Depths:3 | Identified the +3 glaive of Res Ipsa Loquitur {drain, rC+
                  | Str+5}
 73572 | Depths:3 | Identified the +2 dagger "Gacaleco" {speed, MP+9}
 73794 | Depths:3 | Found a one-way gate to the infinite horrors of the Abyss.
 73892 | Depths:3 | Reached skill level 10 in Fighting
 74240 | Depths:4 | Entered Level 4 of the Depths
 74412 | Depths:4 | Found a one-way gateway to a ziggurat.
 74412 | Depths:4 | Noticed a dread lich
 74419 | Depths:4 | Killed a dread lich
 74693 | Depths:4 | Noticed Jory
 74693 | Depths:4 | Killed Jory
 74954 | Depths:4 | Found a hide-covered altar of Uskayaw.
 75879 | Depths:4 | Found a gate to the Realm of Zot.
 76133 | Zot:1    | Entered Level 1 of the Realm of Zot
 77063 | Zot:1    | Found a glowing silver altar of Zin.
 77205 | Zot:1    | Reached XP level 27. HP: 182/182 MP: 49/54
 77242 | Zot:1    | Reached skill level 15 in Short Blades
 78465 | Zot:2    | Reached skill level 10 in Shields
 78998 | Zot:2    | Reached skill level 15 in Dodging
 80645 | Zot:3    | Noticed a Killer Klown
 80648 | Zot:3    | Killed a Killer Klown
 81104 | Zot:3    | Noticed an orb of fire
 81104 | Zot:3    | Identified the +4 mace of Maohohei {flame, rElec rF+ rC+}
 81104 | Zot:3    | Identified the Catalogue of The Black Sun
 81115 | Zot:3    | Killed an orb of fire
 82828 | Zot:4    | Found Potzoe's Changing Room.
 82832 | Zot:4    | Bought a potion of mutation for 128 gold pieces
 82832 | Zot:4    | Bought a potion of lignification for 48 gold pieces
 82859 | Zot:4    | Reached ****** piety under Ashenzari
 84007 | Zot:5    | Entered Level 5 of the Realm of Zot
 84063 | Zot:5    | Found a transporter.
 84099 | Zot:5    | Identified the +1 cloak of Vlad {Harm rElec Int+3}
 84112 | Zot:5    | Found a transporter.
 84929 | Zot:5    | Noticed a dread lich
 84932 | Zot:5    | Killed a dread lich
 84946 | Zot:5    | Noticed an ancient lich
 84947 | Zot:5    | Killed an ancient lich
 84969 | Zot:5    | Noticed an orb of fire
 84980 | Zot:5    | Gained mutation: You are vulnerable to cold. (rC-) [an orb
                  | of fire]
 85249 | Zot:4    | Upgraded the game from 0.32-a0-361-g289a535 to
                  | 0.32-a0-640-gc5db3fc
 85287 | Zot:5    | Noticed an ancient lich
 85291 | Zot:5    | Noticed a dread lich
 85294 | Zot:5    | Noticed an orb of fire
 85295 | Zot:5    | Noticed an orb of fire
 85298 | Zot:5    | Noticed a Killer Klown
 85306 | Zot:5    | Got the Orb of Zot
 85887 | D:1      | Noticed Pemp the pandemonium lord
 85889 | D:$      | Escaped with the Orb!

Illustrated notes

Levels and vault maps discovered:
D:1:      mushboom_english_gardens, layout_rooms, grunt_decor_fettered
D:2:      layout_basic, serial_shops, shop, basic_altar,
          hangedman_decor_clover_reticule
D:3:      layout_basic, nicolae_overflow_crystal_walls, serial_bayou_pond_c,
          minmay_misc_feat_five, wad_orctagon
D:4:      layout_basic, temple_fountains, uniq_natasha
D:5:      layout_loops_ring, beargit_hepliaklqana_dungeon_heroes,
          corexii_hall_statues_t
D:6:      layout_rooms, nicolae_ossuary_entry_monument, uniq_sigmund,
          uniq_prince_ribbit1
D:7:      layout_basic, old_standard_altar, nicolae_shop_self_help, uniq_maggie
D:8:      layout_rooms, chequers_serial_rivers_large_b, minmay_door_square,
          uniq_joseph
D:9:      layout_big_octagon, david_lair_shrubbed, chequers_serial_rivers_marsh,
          uniq_psyche
D:10:     gammafunk_beogh_shrine, layout_loops_ring, kennysheep_little_box
D:11:     layout_rooms, david_orc_3, serial_glass, glass_columns_a,
          glass_columns_b, glass_columns_b, glass_columns_a, zin_treasury,
          uniq_grum, uniq_snorg
D:12:     layout_irregular_city, biasface_ghost_orc_armoury, uniq_rupert
D:13:     layout_loops_ring
D:14:     layout_small_grid, grunt_vaults_entry_tiered, serial_shops, shop,
          cheibrodos_ashenzari_chains
D:15:     gammafunk_depths_entry_grave, layout_loops_cross, tso_altar,
          uniq_louise
Temple:   nicolae_temple_bog_church
Lair:1:   layout_roguey, lemuel_fruit_tree, grunt_megastairs_1
Lair:2:   layout_loops_ring, alex1729_swamp_entry_worm_eleionoma
Lair:3:   layout_layer_cave, spider_nest_entry_a, grunt_megastairs_3
Lair:4:   beast_lair_carwin_large_1, layout_misc_corridors, slime_entry_2
Lair:5:   evil_forest, layout_concentric_octagons,
          portal_ice_cave_entry_pillars_1, basic_altar
Swamp:1:  layout_basic_swamp, hangedman_swamp_ruin_wall,
          infiniplex_staircase_pool, uniq_nikola
Swamp:2:  layout_basic_swamp, evilmike_swamp_ruin_house_6, st_swamp_mini,
          nicolae_swamp_tree_isthmus, uniq_donald, uniq_jorgrun
Swamp:3:  layout_basic_swamp, lemuel_altar_in_water2
Swamp:4:  swamp, layout_basic_swamp
Spider:1: layout_spider_delve, drop_trap, einodemon_crawler_minivault,
          uniq_kirke
Spider:2: layout_spider_delve, drop_trap
Spider:3: layout_spider_delve
Spider:4: grunt_spider_rune_island, guppyfry_spider_mini_3
Orc:1:    layout_caves, serial_shops, shop, nicolae_orc_minecarts
Orc:2:    st_orc_mages, layout_caves, basic_altar
Elf:1:    eino_elf_arrival_the_gate, layout_geoelf_diagonals,
          hangedman_elf_represent, uniq_roxanne
Elf:2:    nicolae_elf_blades_crystal_corner, layout_loops_corners
Elf:3:    elf_hall, layout_geoelf_octagon, serial_glass, glass_columns_a,
          glass_columns_c, glass_columns_a, glass_columns_a, glass_columns_b,
          glass_columns_b, glass_columns_a, glass_columns_c, item_on_display_a,
          minmay_strange_pillars, minmay_strange_pillars,
          minmay_strange_pillars, minivault_27, uniq_norris, uniq_bai_suzhen,
          uniq_zenata
Vaults:1: nicolae_vaults_apartment_1, v_misc_18, nicolae_vaults_prndl,
          v_rooms_2, hangedman_vaults_corner_blocks, v_misc_23,
          hangedman_vaults_impose, vaults_room_grunt_arrival_ludios,
          vaults_dpeg_encased_lava, layout_vaults_chaotic_city, uniq_asterion
Vaults:2: mu_enter_wizlab_2, v_misc_9, nicolae_vaults_theta,
          nicolae_vaults_shipping_containers_4, ontoclasm_vaults_chip,
          nicolae_vaults_trapezoid_2, minmay_crypt_entry_simple_box,
          nicolae_vaults_diagonal_hallway_7, v_rooms_1,
          nicolae_vaults_trapezoid_lopsided_1, nicolae_vaults_prndl,
          nicolae_vaults_network_barrier, v_misc_30, vaults_mumra_chevron,
          nicolae_vaults_closet_pinwheel_4, nicolae_vaults_tangram_1,
          layout_vaults_maze_bifur, enter_trove_6
Vaults:3: nicolae_vaults_trapezoid_1, nicolae_vaults_offset_grid_hallway_1,
          hangedman_vaults_snaps, nicolae_vaults_shrinking_rooms_2,
          vaults_room_fours, grunt_vaults_bifocal,
          nicolae_vaults_big_angled_halls, v_pattern_4,
          vaults_mumra_minichess_inversion, vaults_dpeg_diagonal,
          layout_vaults_omnicross, serial_shops, nicolae_shop_industrial_runoff
Vaults:4: v_misc_5, vaults_room_pools, nicolae_vaults_storage_room_water,
          nicolae_vaults_little_ls, serial_ice_g, v_misc_12,
          nicolae_vaults_trapezoid_lopsided_3, v_misc_29,
          nicolae_vaults_house_3, nicolae_vaults_border_crossing,
          layout_vaults_quadrants
Vaults:5
Crypt:1:  layout_chaotic_city, nzn_ghost_randoct, evilmike_ambush
          [evilmike_ambush_outer_doors, evilmike_ambush_inner_basic], uniq_khufu
Crypt:2:  layout_rooms, grunt_ministairs_5, skrybe_necro_troll_1,
          lemuel_upstairs_altar
Crypt:3:  david_glass_crypt, layout_chaotic_city,
          nicolae_tomb_entry_unfolded_pyramid_diagonal, uniq_boris
Depths:1: layout_small_grid, special_room [special_room_mythical_zoo],
          grunt_hell_entry_dis_grunt, minmay_misc_feat_tiny,
          corexii_mini_fake_secret_closet, nicolae_twisting_strands,
          chequers_serial_rivers_micro_c, hangedman_corner_corridor
Depths:2: hangedman_arch_fort, layout_gridlike, fedhas_altar_2, serial_shops,
          nicolae_shop_hallway_plus, pan_entry, hangedman_tar_grid_catacomb,
          nicolae_gozag_seed_capital
Depths:3: kennysheep_scales, layout_gridlike, abyss_entry_small_statue_room,
          grunt_mini_vestibule, infiniplex_staircase_zigzag_1, minmay_shoptagon
Depths:4: grunt_zot_entry_funnels, layout_cave_pools, enter_ziggurat_c,
          lemuel_crystal_altar, hell_entry, rand_demon_pan_entry_3,
          grunt_ministairs_15, uniq_jory, uniq_grunn
Zot:1:    layout_concentric_octagons, regret_index_zotdec_twisting_globes
Zot:2:    layout_gridlike, regret_index_zotdec_barnacled_simple
Zot:3:    dreamdust_black_sun_cult, layout_gridlike
Zot:4:    layout_gridlike, nicolae_transmutations_shop
Zot:5:    layout_misc_corridors, gammafunk_ghost_wrathful_warriors

Skill      XL: |  1  2  3  4  5  6  7  8  9 10 11 12 13 14 15 16 17 18 19 20 21 22 23 24 25 26 27 |
---------------+----------------------------------------------------------------------------------+-----
Stealth        | 6 7 8 9 10 11 12 14 16 18 19 21 24 25 | 25.8
Short Blades   | 3 4 5 6 8 9 10 11 12 13 14 16 | 16.6
Fighting       | 3 4 5 6 7 8 9 11 12 | 12.7
Dodging        | 2 3 4 5 6 7 8 9 10 11 13 17 | 17.4
Throwing       | 3 |  3.5
Evocations     | 1 3 4 5 6 |  6.7
Spellcasting   | 1 3 5 7 9 10 11 13 14 15 17 18 19 20 21 22 23 24 | 24.0
Hexes          | 2 3 5 7 9 10 11 13 14 16 17 19 21 22 23 | 23.5
Ice Magic      | 1 2 3 |  3.2
Earth Magic    | 1 2 3 4 |  4.7
Armour         | 1 2 3 |  3.6
Alchemy        | 2 4 5 6 7 |  7.8
Summonings     | 1 |  1.4
Shields        | 2 3 4 5 6 7 9 12 | 12.2
Air Magic      | 4 5 8 |  8.4
Necromancy     | 1 5 6 |  6.1
Translocations | 3 |  3.6

Action                     |  1- 3 |  4- 6 |  7- 9 | 10-12 | 13-15 | 16-18 | 19-21 | 22-24 | 25-27 || total
---------------------------+-------+-------+-------+-------+-------+-------+-------+-------+-------++-------
  Melee: Dagger            |    46 |    95 |   328 |   281 |   685 |   560 |   495 |   583 |   639 ||  3712
         Bite              |       |       |       |       |    39 |    10 |       |       |       ||    49
  Throw: Dart              |     1 |    32 |    16 |     7 |    29 |       |       |       |       ||    85
   Cast: Ensorcelled Hiber |       |       |       |    59 |   185 |   171 |    49 |   115 |    39 ||   618
         Passwall          |       |       |       |     4 |    30 |    72 |     4 |       |   131 ||   241
         Swiftness         |       |       |       |       |     5 |     4 |     2 |     2 |     1 ||    14
         Call Canine Famil |       |       |       |       |     4 |     4 |     2 |       |       ||    10
         Summon Small Mamm |       |       |       |       |     3 |     4 |     1 |     1 |       ||     9
         Yara's Violent Un |       |       |       |       |     3 |    10 |    25 |     7 |    13 ||    58
         Olgreb's Toxic Ra |       |       |       |       |       |    12 |     2 |     1 |     1 ||    16
         Discord           |       |       |       |       |       |    14 |    39 |    29 |    49 ||   131
         Alistair's Intoxi |       |       |       |       |       |     9 |    37 |       |     5 ||    51
         Tukima's Dance    |       |       |       |       |       |     9 |     1 |     4 |       ||    14
         Airstrike         |       |       |       |       |       |       |    11 |     2 |       ||    13
         Enfeeble          |       |       |       |       |       |       |    45 |    99 |    86 ||   230
         Apportation       |       |       |       |       |       |       |     3 |       |     5 ||     8
         Passage of Golubr |       |       |       |       |       |       |     2 |       |       ||     2
         Dispel Undead     |       |       |       |       |       |       |       |    84 |    11 ||    95
         Blink             |       |       |       |       |       |       |       |       |    16 ||    16
         Silence           |       |       |       |       |       |       |       |       |     1 ||     1
 Invoke: Curse Item        |       |       |     1 |     8 |     3 |     2 |     2 |     2 |     1 ||    19
         Shatter the Chain |       |       |     1 |       |     2 |     3 |     3 |       |       ||     9
  Evoke: Wand              |       |       |    43 |    27 |    21 |     9 |     4 |       |     1 ||   105
         Sack of spiders   |       |       |       |       |       |       |     1 |     1 |     1 ||     3
         Phantom mirror    |       |       |       |       |       |       |       |     1 |       ||     1
    Use: Scroll            |       |     3 |     8 |     3 |     8 |    10 |    13 |     6 |    13 ||    64
         Potion            |       |       |     2 |       |    13 |     3 |     2 |     2 |    12 ||    34
   Stab: Sleeping          |    10 |    15 |    28 |    78 |   223 |   250 |   147 |   137 |   260 ||  1148
         Invisible         |       |       |     1 |     2 |     8 |       |    40 |    88 |    79 ||   218
         Distracted        |       |       |     1 |     6 |    16 |    24 |     5 |    34 |     8 ||    94
         Confused          |       |       |       |     2 |     8 |    10 |    28 |     6 |     9 ||    63
         Petrifying        |       |       |       |     1 |     4 |       |       |     4 |       ||     9
         Paralysed         |       |       |       |       |     5 |     2 |     2 |     2 |     4 ||    15
         Petrified         |       |       |       |       |     2 |       |       |       |       ||     2
         Held in net/web   |       |       |       |       |     1 |     1 |       |     1 |       ||     3
 Armour: Robe              |    10 |    24 |   115 |       |       |       |    24 |   174 |   144 ||   491
         Leather armour    |       |       |    19 |   114 |   213 |   162 |   152 |       |       ||   660
  Dodge: Dodged            |    20 |    52 |   173 |   212 |   310 |   205 |   209 |   361 |   303 ||  1845
  Block: Other             |       |       |       |       |    15 |       |       |       |       ||    15
         Buckler           |       |       |       |       |   191 |   181 |   208 |   308 |   245 ||  1133
         Reflection        |       |       |       |       |     7 |     3 |     9 |     7 |     1 ||    27

Table legend: (Time is in decaauts)
 A = Elapsed time spent in this place.
 B = Non-inter-level travel time spent in this place.
 C = Inter-level travel time spent in this place.
 D = Time resting spent in this place.
 E = Time spent auto-exploring this place.
 F = Levels seen in this place.
 G = Mean time per level.
                   A        B        C        D        E       F      G
               +--------+--------+--------+--------+--------+-----+--------+
         Total |  84694 |  79992 |   4702 |  19341 |  25925 |  54 | 1568.4 |
       Dungeon |  17675 |  15480 |   2195 |   1610 |   8894 |  15 | 1178.3 |
        Temple |     31 |     17 |     14 |      0 |      0 |   1 |   31.0 |
          Lair |   6924 |   6343 |    581 |   1004 |   3552 |   5 | 1384.8 |
         Swamp |   5142 |   4781 |    361 |   1144 |   1477 |   4 | 1285.5 |
   Spider Nest |   6084 |   5824 |    260 |   1503 |    790 |   4 | 1521.0 |
  Orcish Mines |   3007 |   2769 |    238 |    363 |    843 |   2 | 1503.5 |
   Elven Halls |   8976 |   8865 |    111 |   3437 |    526 |   3 | 2992.0 |
        Vaults |  12819 |  12328 |    491 |   2704 |   4134 |   5 | 2563.8 |
         Crypt |   5408 |   5261 |    147 |   1819 |   1071 |   3 | 1802.7 |
        Depths |   6635 |   6496 |    139 |   1171 |   2097 |   4 | 1658.8 |
           Zot |   9090 |   8929 |    161 |   3281 |   2502 |   5 | 1818.0 |
       Ossuary |    709 |    709 |      0 |    287 |     33 |   1 |  709.0 |
      Ice Cave |   1393 |   1393 |      0 |    861 |      3 |   1 | 1393.0 |
        Wizlab |    795 |    795 |      0 |    154 |      0 |   1 |  795.0 |
               +--------+--------+--------+--------+--------+-----+--------+

Top non-repeatable levels by time:
   Elf:3: 5994 daAuts
Vaults:5: 5181 daAuts
 Crypt:1: 2523 daAuts
Spider:4: 2398 daAuts
Vaults:1: 2288 daAuts
   Orc:2: 2257 daAuts
   Zot:2: 2181 daAuts
   Zot:1: 2132 daAuts
    D:14: 2112 daAuts
   Elf:1: 2076 daAuts
Vaults:3: 1970 daAuts
 Crypt:3: 1900 daAuts
Vaults:2: 1887 daAuts
   Zot:3: 1881 daAuts
   Zot:4: 1858 daAuts
